 Dungeon Crawl Stone Soup version 0.18.1-48-g4cf74bf (webtiles) character file.

56629257 Charly the Intangible (level 27, 314/314 (317) HPs)
             Began as a Merfolk Transmuter on Sept 7, 2016.
             Was a High Priest of Cheibriados.
             Escaped with the Orb
             ... and 15 runes on Sept 8, 2016!
             The game lasted 09:38:18 (25476 turns).

Charly the Intangible (Merfolk Transmuter)         Turns: 25476, Time: 09:38:19

HP:   314/314 (317) AC: 33    Str: 26    XL:     27
MP:   41/41         EV: 45    Int: 32    God:    Cheibriados [*****.]
Gold: 138           SH:  0    Dex: 32    Spells: 13 memorised, 10 levels left

rFire  + . .     SeeInvis .       - Unarmed
rCold  . . .     Gourm    .     (armour currently unavailable)
rNeg   + . .     Faith    .     (no shield)
rPois  ∞         Spirit   .     r - +0 helmet of Restlessness {MR+ Dex+4 Stlth+} (curse)
rElec  +         Dismiss  +     B - +2 cloak {rPois}
rCorr  .         Reflect  .     (gloves currently unavailable)
SustAt .         Harm     .     (boots currently unavailable)
MR     ++++.                    y - amulet of Teoppuaph {Dismiss rF+ Int+3}
Stlth  +++.......               w - ring "Gaptom" {rPois EV+4 Stlth+}
                                m - ring "Nyumar" {rPois MR+}

@: statue-form (expiring), studying Crossbows, repel missiles, very slow,
incredibly resistant to hostile enchantments, fairly stealthy
A: (change form in water), (swift swim), low mp 1
a: End Transformation, Bend Time, Temporal Distortion, Slouch, Step From Time,
Renounce Religion
0: Orb of Zot
}: 15/15 runes: serpentine, barnacled, slimy, silver, golden, iron, obsidian,
icy, bone, abyssal, demonic, glowing, magical, fiery, dark


You escaped.
You worshipped Cheibriados.
Cheibriados was extremely pleased with you.
You were hungry.
You were a stone statue.
You visited 16 branches of the dungeon, and saw 89 of its levels.
You visited Pandemonium 1 time, and saw 33 of its levels.
You visited the Abyss 1 time.
You visited 1 bazaar.
You visited 1 ziggurat, and saw 9 of its levels.
You also visited: Ice Cave.

You collected 3459 gold pieces.
You spent 3321 gold pieces at shops.

Inventory:

Missiles
 A - 146 arrows
Armour
 b - a +2 pair of boots (melded)
 f - the +7 Kryia's mail coat {DeviceHeal*2 rC+}
   (You found it on level 3 of the Tomb of the Ancients)

   It protects you from cold.
 r - the cursed +0 helmet of Restlessness (worn) {MR+ Dex+4 Stlth+}
   (You found it on level 7 of Gehenna)

   It affects your dexterity (+4).
   It affects your resistance to hostile enchantments.
   It makes you more stealthy.
   It has a curse placed upon it.
 B - a +2 cloak of poison resistance (worn)
 R - the +7 leather armour of the Orb Guardian (melded) {rElec MR+ Str+2}
   (You found it on level 1 of the Shoals)

   It affects your strength (+2).
   It insulates you from electricity.
   It affects your resistance to hostile enchantments.
Jewellery
 c - an uncursed ring of protection from cold
 i - an uncursed ring of see invisible
 l - an uncursed amulet of regeneration
 m - the ring "Nyumar" (left hand) {rPois MR+}
   (You found it on level 3 of a ziggurat)

   [ring of protection from magic]

   It protects you from poison.
   It affects your resistance to hostile enchantments.
 n - the ring of Noon {rF+ rN+}
   (You bought it in a shop on level 5 of the Vaults)

   [ring of protection from fire]

   It protects you from fire.
   It protects you from negative energy.
 o - the ring of Qussib {*Tele Str+3}
   (You found it on level 7 of Gehenna)

   [ring of teleportation]

   It may teleport you next to monsters.
   It affects your strength (+3).
 t - the ring "Luutt" {*Tele rPois Int+4 Dex+3}
   (You found it on level 3 of the Tomb of the Ancients)

   [ring of teleportation]

   It may teleport you next to monsters.
   It affects your intelligence (+4).
   It affects your dexterity (+3).
   It protects you from poison.
 w - the ring "Gaptom" (right hand) {rPois EV+4 Stlth+}
   (You found it on level 7 of a ziggurat)

   [ring of evasion]

   It affects your evasion (+4).
   It protects you from poison.
   It makes you more stealthy.
 y - the amulet of Teoppuaph (around neck) {Dismiss rF+ Int+3}
   (You found it on level 7 of Gehenna)

   [amulet of dismissal]

   It may teleport away creatures that harm you.
   It affects your intelligence (+3).
   It protects you from fire.
 C - an uncursed ring of resist corrosion
 H - a +5 ring of protection
 K - an uncursed ring of flight
Wands
 a - a wand of digging (0/24)
 d - a wand of heal wounds (4/9)
 k - a wand of disintegration (0/24)
 s - a wand of teleportation (4/9)
 x - a wand of digging (14/24)
 O - a wand of digging (8/24)
Scrolls
 e - a scroll of blinking
 h - 6 scrolls of remove curse
 p - a scroll of fear
 q - 2 scrolls of immolation
 E - a scroll of summoning
 G - 3 scrolls of fog
 N - a scroll of holy word
 Q - a scroll of teleportation
 W - 3 scrolls of enchant armour
Potions
 g - 2 potions of brilliance
 v - a potion of invisibility
 D - a potion of cure mutation
 J - 11 potions of curing
Books
 z - a manual of Crossbows
Miscellaneous
 u - a phial of floods
 F - a stone of tremors
 M - a fan of gales
 S - 2 phantom mirrors
 V - a legendary deck of summoning {Water}
 X - a legendary deck of changes {the Blade, drawn: 2}
Comestibles
 L - 8 bread rations


   Skills:
 + Level 25.7 Fighting
 O Level 27 Dodging
 - Level 10.0 Stealth
 O Level 27 Unarmed Combat
 - Level 19.1 Spellcasting
 - Level 6.4 Hexes
 - Level 5.1 Charms
 - Level 4.2 Necromancy
 - Level 18.3 Translocations
 - Level 14.3 Transmutations
   Level 2.8 Ice Magic
 - Level 5.4 Air Magic
 - Level 7.9 Earth Magic
 - Level 14.3 Invocations


You had 10 spell levels left.
You knew the following spells:

 Your Spells              Type           Power        Failure   Level  Hunger
a - Apportation           Tloc           #######...   0%          1    None
b - Blink                 Tloc           N/A          0%          2    None
c - Control Undead        Necr           ######....   1%          4    None
d - Dispersal             Tloc           #######...   1%          6    None
h - Blade Hands           Trmt           #######...   1%          5    None
r - Regeneration          Chrm/Necr      ######....   1%          3    None
s - Sticks to Snakes      Trmt           #######.     0%          2    None
C - Controlled Blink      Tloc           N/A          4%          8    #####..
D - Disjunction           Tloc           #######...   4%          8    #####..
P - Passwall              Trmt/Erth      #######...   1%          2    None
Q - Silence               Hex/Air        ######....   3%          5    None
R - Repel Missiles        Chrm/Air       ######       1%          2    None
S - Statue Form           Trmt/Erth      #######..    1%          6    None


Dungeon Overview and Level Annotations

Branches:
Dungeon (15/15)            Temple (0/1) D:4            Lair (8/8) D:9
 Shoals (4/4) Lair:4        Snake (4/4) Lair:6        Slime (6/6) Lair:7
    Orc (2/2) D:10         Vaults (5/5) D:13          Crypt (3/3) Vaults:3
   Tomb (3/3) Crypt:3      Depths (5/5) D:15           Hell (1/1)
    Dis (7/7) Hell            Geh (7/7) Hell            Coc (7/7) Hell
    Tar (7/7) Hell            Zot (5/5) Depths:5
    Elf: Orc:2

Altars:
Cheibriados
Gozag
Kikubaaqudgha
Makhleb
Nemelex Xobeh
Okawaru
Qazlal
Yredelemnul
Beogh

Shops:
D:5 *   D:10 (   D:15 (   Snake:1 =(*!   Snake:2 *   Vaults:5 }}=(???
Depths:5 *

Portals:
Hell: Depths:3 Depths:5
Abyss: Depths:5
Pandemonium: Depths:3
Trove: D:12 (give wand of hasting (9))

Annotations:
D:4 exclusion: downstairs
D:6 Menkaure
D:8 Ruka's ghost, journeyman HuBe
D:9 exclusion: downstairs
D:10 exclusion: upstairs
Lair:1 Fannar
Shoals:4 Ilsuiw
Orc:2 Rupert
Vaults:2 Xtahua
Vaults:3 exclusion: upstairs
Vaults:5 1 exclusion, Sojobo
Depths:3 Frederick; Lom Lobon
Dis:7 Dispater
Coc:7 Antaeus
Tar:7 Ereshkigal


Innate Abilities, Weirdness & Mutations

((You revert to your normal form in water.))
((You are very nimble and swift while swimming.))
Your magical capacity is low (-10% MP).


Message History

The quokka completely misses you. x2
The quokka completely misses you. x3
Evoke which item? (* to show all) (? for menu, Esc to quit)
Zapping:
x - a wand of digging (15/24)
Press: ? - help, Shift-Dir - straight line The rock shatters into small pieces.
This wand has 14 charges left.
The quokka completely misses you. The quokka barely misses you.
The quokka bites you but does no damage.
The quokka completely misses you. The quokka bites you.
The quokka completely misses you. The quokka completely misses you. x2
The quokka bites you but does no damage.
The quokka closely misses you. The quokka completely misses you.
The quokka completely misses you. x2
The quokka misses you. The quokka completely misses you.
The goblin completely misses you.
There is a staircase leading out of the dungeon here.
Your transformation is almost over.
The quokka completely misses you. x2; The goblin misses you.
You have escaped!

# .## # ..# # #.##
#############..
...........##.#
###.#######.#.#####
...########..#...#
.#............#g..#
#.###.........r8.#
##.###........#...#
..............#...#
..........÷...##'.#
.................##..#
.###...................
.# ##########....##..##
.###### #.#### ##
.#....# #.#


You could see a quokka and a goblin.

Vanquished Creatures
  Asmodeus (Geh:7)
  the Royal Jelly (Slime:6)
  the Serpent of Hell (Dis:7)
  Mnoleg (Pan)
  Khufu (Tomb:3)
  2 orbs of fire
  Mara (Vaults:5)
  5 ancient liches
  A juggernaut (Zig:4)
  10 greater mummies
  Margery (Vaults:5)
  13 shard shrikes
  Vashnia (Snake:2)
  6 Killer Klowns
  Saint Roka (Vaults:4)
  Geryon (Hell)
  Jory (Crypt:3)
  A profane servitor (D:12)
  22 Tzitzimimeh
  3 bone dragons
  2 golden dragons (Zot:5)
  8 Brimstone Fiends
  9 pandemonium lords
  An electric golem (Zot:5)
  Jorgrun (Vaults:4)
  A hellephant (D:15)
  21 Ice Fiends
  2 doom hounds
  6 Hell Sentinels
  6 liches
  4 tentacled monstrosities
  20 Orb Guardians
  Asterion (Vaults:2)
  2 quicksilver dragons (Dis:7)
  5 titans
  10 acid blobs
  3 sphinxes
  3 tentacled starspawn
  Frances (D:13)
  13 Executioners
  6 ancient champions
  3 death cobs
  6 draconian monks
  3 shadow dragons
  6 tengu reavers
  9 storm dragons
  4 greater nagas
  8 daevas (Pan)
  A revenant (Abyss:3)
  4 fire giants
  13 azure jellies
  2 iron dragons (Dis:7)
  A ghost moth (Zot:2)
  2 draconian knights
  2 orc warlords
  10 frost giants
  A caustic shrike zombie (Crypt:2)
  A deep elf sorcerer (Vaults:5)
  A juggernaut zombie (Hell)
  2 draconian scorchers
  A draconian zealot (Zot:2)
  9 vault wardens
  18 balrugs
  2 curse skulls (Pan)
  5 draconian annihilators
  17 cacodemons
  3 angels
  4 warmongers
  A deep elf elementalist (Vaults:5)
  10 very ugly things
  4 apis (Pan)
  9 ironheart preservers
  8 stone giants
  40 reapers
  3 vampire knights
  A draconian caller (Zot:2)
  5 green draconians
  4 ophanim
  6 war gargoyles
  5 corrupters (Pan)
  4 bennus
  5 blood saints (Pan)
  7 lorocyprocas (Pan)
  3 elemental wellsprings
  3 black draconians
  4 chaos champions
  8 purple draconians
  4 red draconians (Depths:5)
  2 deep elf annihilators
  6 salamander stormcallers
  3 black suns (Pan)
  9 white draconians
  A mottled draconian (Zot:2)
  34 blizzard demons
  6 deep elf death magi
  5 ettins
  2 eidola
  2 quicksilver dragon zombies
  13 mummy priests
  4 death oozes (Slime:6)
  5 merfolk javelineers (Shoals:4)
  28 vault guards
  14 green deaths
  9 merfolk impalers
  A spectral kraken (Tar:7)
  15 yaktaur captains
  2 jiangshi (Crypt:1)
  3 great orbs of eyes
  4 small abominations
  9 hell beasts
  Harold (D:11)
  5 fire dragons
  2 entropy weavers
  11 ice dragons
  6 rakshasas
  8 naga warriors
  6 hydras
  3 centaur warriors (D:13)
  Erolcha (D:10)
  2 anacondas
  4 quicksilver dragon skeletons
  6 monstrous demonspawn (Pan)
  A death knight (D:13)
  5 merfolk aquamancers
  An alligator snapping turtle (Shoals:4)
  2 deep troll shamans
  10 naga sharpshooters
  7 ogre magi
  4 vampire magi
  3 death yaks (Lair:5)
  20 hell hogs
  6 shock serpents
  2 iron golems (Hell)
  8 thrashing horrors (Abyss:3)
  44 sun demons
  40 hell knights
  5 titan skeletons
  37 soul eaters
  2 storm dragon zombies
  8 deep elf knights
  3 unseen horrors
  A storm dragon skeleton (Geh:6)
  A spatial maelstrom (Abyss:3)
  2 iron trolls (Depths:2)
  A fire crab (Vaults:5)
  23 shadow demons
  A death drake (Depths:5)
  A spark wasp zombie (Hell)
  5 salamander mystics
  65 skeletal warriors
  An iron troll (shapeshifter) (Vaults:5)
  5 shadow wraiths
  11 infernal demonspawn (Pan)
  2 golden dragon zombies
  21 death scarabs
  2 ghost moth zombies
  6 cherubim
  5 deep trolls
  7 anaconda zombies
  7 giant orange brains
  6 gelid demonspawn (Pan)
  18 anubis guards
  5 hill giants
  4 shadow dragon zombies
  6 torturous demonspawn (Pan)
  13 sea snakes
  2 wizards
  11 phantasmal warriors
  4 anaconda skeletons
  3 lindwurms (Depths:5)
  7 flayed ghosts
  2 deep elf archers
  8 ironbrand convokers
  12 necromancers
  2 kraken simulacra
  7 putrid demonspawn (Pan)
  3 wolf spiders
  7 mana vipers
  A golden dragon skeleton (Geh:7)
  2 stone giant zombies
  41 harpies
  6 naga ritualists
  A salamander (shapeshifter) (Vaults:2)
  10 orc knights
  3 fire giant zombies
  4 orc sorcerers
  3 wolf spider zombies
  2 sphinx zombies
  14 ugly things
  3 shining eyes
  14 salamanders
  7 deep elf magi
  A cyclops (shapeshifter) (Vaults:5)
  2 hornets
  4 griffons
  2 frost giant zombies
  4 shadow dragon skeletons
  3 ice statues
  13 elephants
  5 cyclopes
  7 stone giant skeletons
  24 sixfirhies
  5 manticores
  4 sirens
  2 elf zombies
  5 frost giant skeletons
  4 moths of wrath
  3 iron dragon skeletons
  An eye of devastation (Slime:1)
  21 black mambas
  4 dire elephant zombies
  20 orange demons
  49 smoke demons
  8 water nymphs
  6 molten gargoyles (Geh:7)
  A shock serpent zombie (Dis:4)
  5 vault sentinels
  A fire giant skeleton (Geh:6)
  2 water nymphs (shapeshifter) (Vaults:5)
  A guardian serpent (shapeshifter) (Vaults:3)
  30 rust devils
  11 naga magi (Snake:4)
  7 spectral swamp worms (Tar:7)
  9 spiny frogs
  A komodo dragon (Lair:4)
  A shock serpent skeleton (Geh:6)
  2 mottled draconian zombies
  A dire elephant skeleton (Tar:7)
  25 hellions
  34 yaktaurs
  13 demonic crawlers
  5 emperor scorpion zombies
  2 rime drakes (Zig:7)
  2 catoblepas zombies (Crypt:3)
  19 freezing wraiths
  2 ancient zymes (Abyss:3)
  A kobold demonologist (Vaults:1)
  9 ice devils
  25 tormentors
  28 guardian mummies
  7 efreet
  A spark wasp simulacrum (Zig:7)
  10 red devils
  27 hellwings
  24 merfolk
  2 minotaur zombies
  3 silent spectres
  4 hydra zombies
  A jumping spider (Vaults:2)
  3 trolls
  A wolf spider simulacrum (IceCv)
  2 wind drakes
  A tengu simulacrum (Vaults:2)
  A raiju (shapeshifter) (Vaults:4)
  A two-headed ogre (shapeshifter) (Vaults:5)
  3 fire dragon zombies
  4 hydra skeletons
  10 two-headed ogres
  A harpy skeleton (Geh:7)
  4 raiju (Abyss:3)
  13 blink frogs
  4 alligator zombies
  9 ushabtiu
  2 ettin zombies
  49 slime creatures
  6 snapping turtles
  4 boulder beetles
  An ettin skeleton (Geh:7)
  59 flying skulls
  2 alligator skeletons
  A frost giant simulacrum (Tar:1)
  14 wraiths
  2 vampires
  11 redbacks
  2 spriggans (Lair:5)
  A spriggan (shapeshifter) (D:14)
  A fire dragon skeleton (Geh:7)
  A black mamba zombie (Geh:4)
  10 water elementals
  A black mamba skeleton (Tar:1)
  16 shadows
  A human (shapeshifter) (Depths:2)
  2 wyverns
  20 ynoxinuls
  4 ice dragon skeletons
  A tarantella (Depths:2)
  15 fire elementals
  12 golden eyes
  42 yaks
  A tarantella (shapeshifter) (Vaults:4)
  22 chaos spawn (Pan)
  6 hippogriffs
  5 basilisks
  2 hippogriffs (shapeshifter)
  5 hungry ghosts
  15 neqoxecs
  34 nagas
  3 mottled dragons
  7 vampire mosquitoes
  A warg (Vaults:4)
  4 spiny frog zombies
  2 water moccasins
  A hydra simulacrum (Hell)
  50 hell hounds
  31 large abominations
  A giant eyeball (Slime:2)
  29 orc warriors
  12 porcupines
  A swamp drake (Depths:5)
  A deep troll skeleton (Crypt:2)
  A merfolk skeleton (Tar:7)
  A wasp (D:12)
  2 sky beasts
  3 ice beasts
  5 phantoms
  13 starcursed masses (Abyss:3)
  2 spiny frog skeletons
  7 eyes of draining
  3 swamp dragon zombies
  2 snapping turtle zombies
  10 necrophages
  31 ogres
  4 boggarts (Vaults:3)
  10 centaurs
  An ettin simulacrum (Vaults:3)
  2 snapping turtle skeletons
  7 wolves
  A boggart (shapeshifter) (Depths:5)
  An elf simulacrum (Zig:7)
  14 crocodiles
  7 big kobolds
  3 human zombies
  7 giant frogs
  3 gnoll sergeants (D:10)
  A spiny frog simulacrum (Hell)
  5 wyvern skeletons
  2 spriggan zombies
  4 killer bees (D:11)
  2 scorpions
  A spriggan skeleton (Tar:7)
  26 wights
  11 crimson imps
  19 jellies
  3 centaur zombies
  3 quasits
  7 orc priests
  4 giant frog skeletons
  A hound (D:6)
  A human skeleton (Tar:7)
  8 orc wizards
  5 centaur skeletons
  9 iron imps
  7 iguanas
  A hell rat (shapeshifter) (Vaults:5)
  6 worker ants
  15 sheep
  A naga zombie (Geh:7)
  23 mummies
  A worker ant zombie (D:10)
  9 gnolls
  12 adders
  33 river rats
  8 shadow imps
  5 white imps
  2 ufetubi (IceCv)
  2 oozes
  An adder skeleton (D:9)
  A worm (D:3)
  2 dart slugs
  4 giant geckos
  73 orcs
  A bat (D:1)
  A giant cockroach (D:2)
  A goblin (D:2)
  A hobgoblin (D:3)
  A quokka (D:9)
  A ball python (D:4)
  A dart slug zombie (Crypt:1)
  A jackal skeleton (D:3)
  15 kobolds
  3 rats (D:3)
  A fungus (Lair:3)
  9 lost souls (Hell)
  4 starspawn tentacles
  4 tentacles
2894 creatures vanquished.

Vanquished Creatures (collateral kills)
  A pandemonium lord (Pan)
  A hell hog (Geh:2)
  A storm dragon zombie (Coc:3)
  A soul eater (Coc:3)
  A hell knight (Geh:6)
  A storm dragon skeleton (Geh:7)
  2 skeletal warriors
  A golden dragon zombie (Tar:5)
  2 phantasmal warriors
  A shadow dragon zombie (Geh:6)
  A necromancer (Geh:6)
  An iron dragon zombie (Geh:6)
  A salamander (Geh:2)
  A shining eye (Slime:3)
  Maurice (D:10)
  A frost giant skeleton (Tar:1)
  A stone giant skeleton (Tar:1)
  2 molten gargoyles (Geh:7)
  3 red devils
  A hydra zombie (Coc:6)
  19 flying skulls
  2 wraiths
  A shadow (Coc:6)
  A water elemental (Coc:3)
  2 yaks (Lair:5)
  A golden eye (Slime:3)
  A fire elemental (Geh:6)
  4 neqoxecs (Pan)
  2 hell hounds (Geh:5)
  A water moccasin (Lair:5)
  3 ice beasts
  A phantom (Tar:1)
  A manticore skeleton (Geh:6)
  A snapping turtle skeleton (Coc:7)
  A centaur (D:13)
  A big kobold (D:10)
  A gnoll sergeant (D:10)
  13 wights
  A crimson imp (Geh:7)
  2 iron imps (Dis:4)
  An iguana (D:4)
  3 worker ants (D:4)
  A tengu zombie (Coc:3)
  A hound skeleton (D:6)
  A gnoll (D:4)
  An adder (D:5)
  A shadow imp (Tar:5)
  2 white imps
  3 orcs (D:4)
  2 goblins (D:3)
100 creatures vanquished.

Vanquished Creatures (others)
  A lich (Vaults:4)
  3 eldritch tentacles
  3 tengu reavers
  A balrug (Geh:7)
  2 elemental wellsprings (Coc:7)
  A blood saint (Pan)
  A deep elf death mage (Vaults:5)
  A deep elf high priest (Vaults:5)
  A naga warrior (Snake:4)
  2 death scarabs (Tomb:3)
  A storm dragon skeleton (Geh:4)
  An orc knight (Vaults:4)
  A mana viper (Snake:4)
  A deep elf mage (Vaults:5)
  A sixfirhy (Pan)
  A yaktaur (Depths:3)
  3 red devils
  An ushabti (Tomb:2)
  5 flying skulls
  2 water elementals
  A wraith (Geh:4)
  2 chaos spawn (Pan)
  2 small abominations (Abyss:3)
  An orc priest (Vaults:5)
  A mummy (Tomb:2)
  A demonic plant (Pan)
  278 eldritch tentacle segments
  2 fire vortices
  2 lost souls
  9 plants
  8 starspawn tentacles
  110 starspawn tentacle segments
  13 tentacles
  1066 tentacle segments
  4 withered plants
1533 creatures vanquished.

Grand Total: 4527 creatures vanquished

Notes
Turn   | Place    | Note
--------------------------------------------------------------
     0 | D:1      | Charly the Merfolk Transmuter began the quest for the Orb.
     0 | D:1      | Reached XP level 1. HP: 15/15 MP: 3/3
   100 | D:3      | Found a snail-covered altar of Cheibriados.
   105 | D:3      | Reached XP level 2. HP: 18/21 MP: 5/5
   108 | D:3      | Became a worshipper of Cheibriados the Contemplative
   112 | D:3      | Learned a level 2 spell: Sticks to Snakes
   131 | D:2      | Found an iron altar of Okawaru.
   327 | D:4      | Reached XP level 3. HP: 13/27 MP: 0/6
   343 | D:4      | Learned a level 3 spell: Spider Form
   656 | D:4      | Found a staircase to the Ecumenical Temple.
   680 | D:4      | Reached XP level 4. HP: 24/33 MP: 1/7
   694 | D:4      | Reached * piety under Cheibriados
   699 | D:4      | Gained mutation: You are resistant to hostile enchantments. [potion of beneficial mutation]
   740 | D:5      | Entered Level 5 of the Dungeon
   870 | D:5      | Found Benattoe's Elemental Accessories.
   923 | D:4      | Noticed an ogre
   935 | D:4      | Killed an ogre
   935 | D:4      | Reached skill level 5 in Unarmed Combat
   935 | D:4      | Reached XP level 5. HP: 34/38 MP: 3/8
   942 | D:4      | Got a scorched leather armour
   955 | D:4      | Identified the +6 leather armour of Insecurity {Str+4} (You found it on level 4 of the Dungeon)
  1058 | D:4      | Reached XP level 6. HP: 40/46 MP: 0/9
  1228 | D:4      | Found an opulent altar of Gozag.
  1311 | D:4      | Found a stormy altar of Qazlal.
  1560 | D:5      | Reached ** piety under Cheibriados
  1622 | D:5      | Reached XP level 7. HP: 37/52 MP: 6/10
  1714 | D:5      | Bought a wand of iceblast (5/15) for 126 gold pieces
  1893 | D:6      | Reached XP level 8. HP: 60/60 MP: 1/11
  2004 | D:6      | Noticed Menkaure
  2153 | D:7      | Reached *** piety under Cheibriados
  2229 | D:7      | Learned a level 4 spell: Ice Form
  2362 | D:9      | LAIR D9?
  2369 | D:9      | Reached skill level 5 in Fighting
  2372 | D:9      | YES
  2382 | D:9      | Reached skill level 10 in Unarmed Combat
  2405 | D:9      | Found a sparkling altar of Nemelex Xobeh.
  2412 | D:10     | Entered Level 10 of the Dungeon
  2412 | D:10     | Noticed a wyvern
  2553 | D:8      | Reached skill level 5 in Transmutations
  2553 | D:8      | Reached skill level 1 in Ice Magic
  2594 | D:8      | Found a burning altar of Makhleb.
  2612 | D:8      | Reached XP level 9. HP: 58/68 MP: 8/12
  2649 | D:8      | Noticed Ruka's ghost (journeyman HuBe)
  2897 | D:9      | Reached **** piety under Cheibriados
  2937 | D:9      | Learned a level 5 spell: Blade Hands
  2987 | D:9      | Found a staircase to the Lair.
  2992 | D:9      | Reached skill level 5 in Dodging
  2992 | D:9      | Reached skill level 1 in Invocations
  3006 | Lair:1   | Entered Level 1 of the Lair of Beasts
  3048 | D:10     | Noticed a troll
  3056 | D:10     | Killed a troll
  3075 | D:10     | Reached XP level 10. HP: 76/76 MP: 12/14
  3105 | D:10     | Noticed Erolcha
  3130 | D:10     | Found a staircase to the Orcish Mines.
  3142 | D:10     | Noticed Maurice
  3151 | D:10     | Killed Maurice
  3171 | Orc:1    | Entered Level 1 of the Orcish Mines
  3174 | Orc:1    | Noticed an orc sorcerer
  3181 | Orc:1    | Killed an orc sorcerer
  3204 | Orc:2    | Entered Level 2 of the Orcish Mines
  3204 | Orc:2    | Noticed Rupert
  3338 | Lair:1   | Noticed Fannar
  3386 | Lair:1   | Noticed a black mamba
  3406 | Lair:1   | Reached XP level 11. HP: 75/84 MP: 10/15
  3462 | Lair:1   | Reached ***** piety under Cheibriados
  3501 | Lair:1   | Reached skill level 5 in Invocations
  3725 | Lair:4   | Learned a level 2 spell: Passwall
  3972 | Lair:6   | Reached XP level 12. HP: 94/94 MP: 12/16
  3996 | Lair:5   | Noticed a six-headed hydra
  4001 | Lair:5   | Killed a six-headed hydra
  4085 | Lair:7   | Noticed an eight-headed hydra
  4092 | Lair:7   | Reached ****** piety under Cheibriados
  4092 | Lair:7   | Reached skill level 10 in Dodging
  4096 | Lair:7   | Killed an eight-headed hydra
  4118 | Lair:7   | Learned a level 3 spell: Regeneration
  4122 | Lair:7   | Found a staircase to the Slime Pits.
  4128 | Lair:7   | Reached skill level 1 in Charms
  4130 | Lair:7   | Noticed an eight-headed hydra
  4138 | Lair:7   | Killed an eight-headed hydra
  4138 | Lair:7   | Reached skill level 1 in Necromancy
  4151 | Lair:8   | Entered Level 8 of the Lair of Beasts
  4211 | Lair:8   | Reached skill level 5 in Charms
  4403 | Lair:6   | Found a staircase to the Snake Pit.
  4524 | Lair:3   | Reached skill level 10 in Fighting
  4524 | Lair:3   | Reached XP level 13. HP: 77/103 MP: 10/17
  4554 | Lair:2   | You fall through a shaft!
  4583 | Lair:3   | Got a smoking bronze ring
  4585 | Lair:3   | Identified the cursed ring of Suicidal Tendencies {rF+ Dex-3} (You found it on level 3 of the Lair of Beasts)
  4733 | D:11     | Noticed Harold
  4741 | D:11     | Killed Harold
  4773 | D:11     | Got a sparkling silver ring
  4775 | D:11     | Identified the ring of Raor Jese {*Tele Str+4} (You found it on level 11 of the Dungeon)
  4889 | D:12     | Noticed a vault guard
  4894 | D:12     | Killed a vault guard
  4899 | D:12     | Found a portal to a secret trove of treasure.
  4950 | D:13     | Reached skill level 15 in Unarmed Combat
  5047 | D:13     | Noticed Frances
  5058 | D:13     | Killed Frances
  5105 | D:13     | Found a gate to the Vaults.
  5200 | D:12     | Reached skill level 1 in Earth Magic
  5258 | D:13     | Reached XP level 14. HP: 111/111 MP: 14/18
  5264 | D:13     | Reached skill level 10 in Transmutations
  5525 | D:15     | Entered Level 15 of the Dungeon
  5577 | D:15     | Found Riagair's Weapon Boutique.
  5757 | D:10     | Found Yssipoogoa's Weapon Emporium.
  5773 | D:10     | Killed Erolcha
  5900 | Orc:1    | Found a roughly hewn altar of Beogh.
  6074 | D:5      | Bought Ebludgh's Reference Book on Earth for 789 gold pieces
  6166 | Lair:1   | Learned a level 6 spell: Statue Form
  6322 | Lair:4   | Found a staircase to the Shoals.
  6325 | Shoals:1 | Entered Level 1 of the Shoals
  6471 | Shoals:2 | Reached skill level 5 in Spellcasting
  6509 | Shoals:4 | Entered Level 4 of the Shoals
  6577 | Shoals:2 | Got an ancient scale mail
  6601 | Shoals:2 | Identified the cursed +0 scale mail of Hedge Wizardry {Str+6} (You found it on level 2 of the Shoals)
  6617 | Shoals:3 | 35/31
  6635 | Shoals:3 | Reached XP level 15. HP: 48/116 MP: 15/28
  6635 | Shoals:3 | Reached skill level 10 in Spellcasting
  6811 | Shoals:4 | Reached skill level 5 in Earth Magic
  6935 | Shoals:4 | Got a warped chain mail
  6990 | Shoals:4 | Noticed Ilsuiw
  6998 | Shoals:4 | Found a gateway to a bazaar.
  7059 | Bazaar   | Entered a bazaar
  7066 | Bazaar   | Found Ahyan's Magic Scroll Shop.
  7066 | Bazaar   | Found Tihahuuf's Jewellery Boutique.
  7076 | Bazaar   | Bought a scroll of fear for 38 gold pieces
  7076 | Bazaar   | Bought a scroll of fog for 22 gold pieces
  7076 | Bazaar   | Bought a scroll of magic mapping for 38 gold pieces
  7076 | Bazaar   | Bought a scroll of magic mapping for 38 gold pieces
  7076 | Bazaar   | Bought a scroll of magic mapping for 38 gold pieces
  7175 | Shoals:4 | Got a barnacled rune of Zot
  7248 | Shoals:4 | Reached XP level 16. HP: 124/124 MP: 12/32
  7335 | Shoals:1 | Got a warped leather armour
  7347 | Lair:4   | Learned a level 4 spell: Passage of Golubria
  7395 | Lair:4   | Identified the +7 leather armour of the Orb Guardian {rElec MR+ Str+2} (You found it on level 1 of the Shoals)
  7413 | Lair:5   | Reached skill level 1 in Translocations
  7524 | Snake:1  | Entered Level 1 of the Snake Pit
  7602 | Snake:1  | Found Obla's Weapon Emporium.
  7649 | Snake:1  | Found Nuetant's Assorted Antiques.
  7675 | Snake:1  | Found Mihelaep's Distillery.
  7683 | Snake:1  | Bought a potion of curing for 48 gold pieces
  7709 | Snake:1  | Found Veejom's Jewellery Shoppe.
  7742 | Snake:1  | Found a frozen archway.
  7755 | IceCv    | Entered an ice cave
  7893 | Snake:2  | Noticed a greater naga
  7901 | Snake:2  | Killed a greater naga
  7932 | Snake:2  | Reached skill level 5 in Translocations
  8023 | Snake:4  | Entered Level 4 of the Snake Pit
  8256 | Snake:4  | Noticed a greater naga
  8262 | Snake:4  | Killed a greater naga
  8281 | Snake:4  | Noticed a greater naga
  8312 | Snake:4  | Killed a greater naga
  8374 | Snake:4  | Reached XP level 17. HP: 133/133 MP: 18/33
  8431 | Snake:4  | Got a serpentine rune of Zot
  8479 | Snake:4  | Reached skill level 15 in Dodging
  8584 | Snake:2  | Noticed Vashnia
  8589 | Snake:2  | Killed Vashnia
  8594 | Snake:2  | Found Sisocogu's Assorted Antiques.
  8621 | Snake:2  | Bought a silver ring for 170 gold pieces
  8986 | D:13     | Identified the +4 chain mail "Nunon" {Int+3} (You took it off a merfolk on level 4 of the Shoals)
  9001 | Vaults:1 | Entered Level 1 of the Vaults
  9392 | Vaults:2 | Noticed Asterion
  9393 | Vaults:2 | Killed Asterion
  9624 | Vaults:2 | Identified a scroll of acquirement
  9635 | Vaults:2 | Noticed Xtahua
  9700 | Vaults:3 | Reached XP level 18. HP: 141/141 MP: 31/34
  9790 | Vaults:3 | Found a staircase to the Crypt.
  9790 | Vaults:3 | Found an ancient bone altar of Kikubaaqudgha.
  9791 | Vaults:3 | Found a basalt altar of Yredelemnul.
  9894 | Vaults:5 | Entered Level 5 of the Vaults
  9938 | Vaults:4 | Learned a level 5 spell: Silence
  9956 | Vaults:5 | Noticed an ancient lich
  9956 | Vaults:5 | Noticed Sojobo
  9987 | Vaults:4 | Noticed a lich
  9998 | Vaults:4 | Killed a lich
 10018 | Vaults:4 | Noticed Saint Roka
 10028 | Vaults:4 | Killed Saint Roka
 10141 | Vaults:4 | Noticed Jorgrun
 10156 | Vaults:4 | Killed Jorgrun
 10156 | Vaults:4 | Reached XP level 19. HP: 144/149 MP: 24/36
 10220 | Vaults:5 | Noticed an Ice Fiend
 10270 | Vaults:5 | Noticed a tentacled monstrosity
 10271 | Vaults:5 | Noticed an Ice Fiend
 10415 | Vaults:5 | Found Siac's Antique Weapon Shoppe.
 10422 | Vaults:5 | Found Yngunosk's Jewellery Boutique.
 10516 | Vaults:5 | Killed a tentacled monstrosity
 10555 | Vaults:5 | Found Soungu's Magic Scroll Shop.
 10559 | Vaults:5 | Bought a scroll of magic mapping for 59 gold pieces
 10618 | Vaults:5 | Noticed Mara
 10620 | Vaults:5 | Noticed Charly's illusion
 10633 | Vaults:5 | Noticed Charly's illusion
 10633 | Vaults:5 | Killed Mara
 10638 | Vaults:5 | Found Arhel's Magic Scroll Shop.
 10643 | Vaults:5 | Bought a scroll of magic mapping for 66 gold pieces
 10643 | Vaults:5 | Bought a scroll of teleportation for 57 gold pieces
 10674 | Vaults:5 | Found Empatoe's Magic Scroll Shoppe.
 10692 | Vaults:5 | Bought a scroll of blinking for 120 gold pieces
 10696 | Vaults:5 | Reached XP level 20. HP: 159/159 MP: 37/37
 10750 | Vaults:5 | Learned a level 2 spell: Repel Missiles
 10758 | Vaults:5 | Noticed an ancient lich
 10792 | Vaults:5 | Killed an ancient lich
 10801 | Vaults:5 | Killed an ancient lich
 10866 | Vaults:5 | Noticed Margery
 10885 | Vaults:5 | Killed Margery
 10923 | Vaults:5 | Found Fyshuock's Gadget Boutique.
 10931 | Vaults:5 | Found Ragaari's Gadget Shoppe.
 10940 | Vaults:5 | Got a silver rune of Zot
 11060 | Vaults:5 | Reached skill level 1 in Hexes
 11060 | Vaults:5 | Reached skill level 1 in Air Magic
 11206 | Vaults:5 | Bought the ring of Noon {rF+ rN+} for 579 gold pieces
 11369 | Vaults:3 | Learned a level 4 spell: Control Undead
 11370 | Crypt:1  | Entered Level 1 of the Crypt
 11523 | Crypt:2  | Reached skill level 5 in Hexes
 11523 | Crypt:2  | Reached XP level 21. HP: 167/167 MP: 38/38
 11649 | Crypt:3  | Entered Level 3 of the Crypt
 11701 | Crypt:3  | Reached skill level 5 in Air Magic
 11721 | Crypt:3  | Noticed Jory
 11736 | Crypt:3  | Killed Jory
 11760 | Crypt:3  | Found a staircase to the Tomb.
 11786 | Tomb:1   | Entered Level 1 of the Tomb of the Ancients
 11812 | Tomb:2   | Noticed a greater mummy
 11812 | Tomb:2   | Noticed a greater mummy
 11881 | Tomb:3   | Entered Level 3 of the Tomb of the Ancients
 11906 | Tomb:3   | Noticed a greater mummy
 11907 | Tomb:3   | Noticed a greater mummy
 11951 | Tomb:3   | Noticed a greater mummy
 11951 | Tomb:3   | Noticed a greater mummy
 11953 | Tomb:3   | Noticed a greater mummy
 11953 | Tomb:3   | Noticed a greater mummy
 11962 | Tomb:2   | Killed a greater mummy
 12001 | Tomb:2   | Reached skill level 1 in Stealth
 12003 | Tomb:2   | Killed a greater mummy
 12029 | Tomb:3   | Noticed a greater mummy
 12041 | Tomb:2   | Killed a greater mummy
 12055 | Tomb:2   | Reached skill level 15 in Fighting
 12103 | Tomb:2   | Killed a greater mummy
 12106 | Tomb:2   | Killed a greater mummy
 12138 | Tomb:3   | Noticed a greater mummy
 12147 | Tomb:2   | Killed a greater mummy
 12184 | Tomb:2   | Killed a greater mummy
 12184 | Tomb:2   | Reached XP level 22. HP: 175/175 MP: 32/39
 12288 | Tomb:3   | Killed a greater mummy
 12288 | Tomb:3   | Reached skill level 5 in Stealth
 12318 | Tomb:3   | Noticed Khufu
 12328 | Tomb:3   | Killed Khufu
 12352 | Tomb:3   | Identified the Papyrus of Entrancing Dark Rituals (You found it on level 3 of the Tomb of the Ancients)
 12417 | Tomb:3   | Got a golden rune of Zot
 12452 | Tomb:3   | Learned a level 1 spell: Apportation
 12455 | Tomb:3   | Learned a level 2 spell: Blink
 12476 | Tomb:3   | Got a spiked cloak
 12476 | Tomb:3   | Got a clouded lead ring
 12476 | Tomb:3   | Got a faintly glowing platinum ring
 12476 | Tomb:3   | Identified the Volume of Creative Bewitchment (You found it on level 3 of the Tomb of the Ancients)
 12478 | Tomb:3   | Identified the ring "Baorgh Ereuc" {*Tele rPois Dex-5 SInv Stlth+} (You found it on level 3 of the Tomb of the Ancients)
 12480 | Tomb:3   | Identified the ring "Luutt" {*Tele rPois Int+4 Dex+3} (You found it on level 3 of the Tomb of the Ancients)
 12492 | Tomb:3   | Learned a level 8 spell: Controlled Blink
 12512 | Tomb:3   | Identified the +2 cloak of Surprise {-Cast rC+ rCorr Int+8} (You found it on level 3 of the Tomb of the Ancients)
 13358 | Snake:1  | Bought an uncursed ring of see invisible for 300 gold pieces
 13415 | Snake:2  | Bought a potion of curing for 102 gold pieces
 13415 | Snake:2  | Bought a scroll of fog for 68 gold pieces
 13415 | Snake:2  | Bought a potion of resistance for 340 gold pieces
 13415 | Snake:2  | Bought a scroll of recharging for 323 gold pieces
 13521 | Slime:1  | Entered Level 1 of the Pits of Slime
 13579 | Slime:2  | Gained mutation: Armour fits poorly on your strangely shaped body. [a shining eye]
 13616 | Slime:3  | Gained mutation: You are weak. (Str -2) [a shining eye]
 13654 | Slime:6  | Entered Level 6 of the Pits of Slime
 13709 | Slime:6  | Noticed the Royal Jelly
 13744 | Slime:6  | Killed the Royal Jelly
 13744 | Slime:6  | Reached skill level 10 in Translocations
 13744 | Slime:6  | Reached XP level 23. HP: 179/182 MP: 35/40
 13758 | Slime:6  | Got a slimy rune of Zot
 13796 | Slime:6  | Got a serpentine emerald amulet
 14171 | D:15     | Found a staircase to the Depths.
 14206 | Depths:1 | Entered Level 1 of the Depths
 14266 | Depths:1 | Identified the amulet of Lady Luck {Spirit +Inv} (You found it on level 6 of the Pits of Slime)
 14318 | Depths:3 | Learned a level 6 spell: Dispersal
 14346 | Depths:3 | Found a one-way gate leading to the halls of Pandemonium.
 14356 | Depths:3 | Found a gateway to Hell.
 14414 | Pan      | Entered Pandemonium
 14414 | Pan      | Found an exit through the horrors of the Abyss.
 14430 | Pan      | Noticed Iriunn the pandemonium lord
 14431 | Pan      | Gained mutation: Your body sometimes deteriorates upon taking damage. [a cacodemon]
 14507 | Pan      | Killed Iriunn the pandemonium lord
 14564 | Pan      | Got a demonic rune of Zot
 14580 | Pan      | Reached XP level 24. HP: 189/189 MP: 5/41
 14600 | Pan      | Found an exit through the horrors of the Abyss.
 14780 | Pan      | Got an amber-studded ring mail
 14781 | Pan      | Identified the +1 ring mail of Trog's Righteous Anger {rPois MR+} (You found it in Pandemonium)
 14808 | Pan      | Gained mutation: Potions and wands are less effective at restoring your health. [a cacodemon]
 14905 | Pan      | Found an exit through the horrors of the Abyss.
 15174 | Pan      | Noticed Vemughe the pandemonium lord
 15193 | Pan      | Gained mutation: Your body often deteriorates upon taking damage. [a cacodemon]
 15278 | Pan      | Killed Vemughe the pandemonium lord
 15374 | Pan      | Found an exit through the horrors of the Abyss.
 15394 | Pan      | Reached XP level 25. HP: 195/195 MP: 31/41
 15518 | Pan      | Reached skill level 15 in Spellcasting
 15575 | Pan      | Found an exit through the horrors of the Abyss.
 15597 | Pan      | Noticed Barraas the pandemonium lord
 15609 | Pan      | Killed Barraas the pandemonium lord
 15759 | Pan      | Found an exit through the horrors of the Abyss.
 15859 | Pan      | Noticed Saom Sotz the pandemonium lord
 15869 | Pan      | Killed Saom Sotz the pandemonium lord
 15934 | Pan      | Noticed Wunak the pandemonium lord
 15936 | Pan      | Found an exit through the horrors of the Abyss.
 16074 | Pan      | Noticed Salatumma the pandemonium lord
 16125 | Pan      | Gained mutation: You are dopey. (Int -2) [a cacodemon]
 16251 | Pan      | Reached skill level 15 in Translocations
 16344 | Pan      | Noticed Laforgh the pandemonium lord
 16363 | Pan      | Killed Laforgh the pandemonium lord
 16368 | Pan      | Gained mutation: Your spells are much easier to cast, but much less powerful. [a cacodemon]
 16479 | Pan      | Reached XP level 26. HP: 202/202 MP: 41/43
 16566 | Pan      | Noticed Faasunoi the pandemonium lord
 16696 | Pan      | Entered the realm of Mnoleg.
 16736 | Pan      | Gained mutation: You are very dopey. (Int -4) [a neqoxec]
 16830 | Pan      | Noticed Mnoleg
 16844 | Pan      | Gained mutation: You are clumsy. (Dex -2) [a cacodemon]
 16845 | Pan      | Killed Mnoleg
 16864 | Pan      | Gained mutation: You are very weak. (Str -4) [a cacodemon]
 16865 | Pan      | Gained mutation: Your spells are easier to cast, but less powerful. [a cacodemon]
 16916 | Pan      | Got a glowing rune of Zot
 16984 | Pan      | Found an exit through the horrors of the Abyss.
 17077 | Pan      | Gained mutation: You are very clumsy. (Dex -4) [a cacodemon]
 17081 | Pan      | Gained mutation: You tend to lose your temper in combat. [a cacodemon]
 17103 | Pan      | Entered the realm of Lom Lobon.
 17166 | Pan      | Lost mutation: You are very weak. (Str -4) [potion of cure mutation]
 17166 | Pan      | Lost mutation: Your body often deteriorates upon taking damage. [potion of cure mutation]
 17166 | Pan      | Lost mutation: Your body sometimes deteriorates upon taking damage. [potion of cure mutation]
 17166 | Pan      | Lost mutation: Potions and wands are less effective at restoring your health. [potion of cure mutation]
 17167 | Pan      | Lost mutation: You tend to lose your temper in combat. [potion of cure mutation]
 17167 | Pan      | Lost mutation: You are weak. (Str -2) [potion of cure mutation]
 17167 | Pan      | Lost mutation: Your spells are easier to cast, but less powerful. [potion of cure mutation]
 17167 | Pan      | Lost mutation: You are resistant to hostile enchantments. [potion of cure mutation]
 17216 | Pan      | Noticed Lom Lobon
 17283 | Pan      | Got a magical rune of Zot
 17342 | Pan      | Found an exit through the horrors of the Abyss.
 17405 | Pan      | Noticed Wyery the pandemonium lord
 17515 | Pan      | Noticed Enwo Nan the pandemonium lord
 17522 | Pan      | Killed Enwo Nan the pandemonium lord
 17597 | Pan      | Found an exit through the horrors of the Abyss.
 17682 | Pan      | Gained mutation: Scrolls take you a little longer to read. [a neqoxec]
 17732 | Pan      | Found an exit through the horrors of the Abyss.
 17842 | Pan      | Found an exit through the horrors of the Abyss.
 17929 | Pan      | Gained mutation: You are frail (-10% HP). [a neqoxec]
 17930 | Pan      | Gained mutation: Your body sometimes deteriorates upon taking damage. [a neqoxec]
 17944 | Pan      | Noticed Iqathiwa the pandemonium lord
 17947 | Pan      | Reached XP level 27. HP: 187/187 MP: 32/45
 17963 | Pan      | Killed Iqathiwa the pandemonium lord
 17989 | Pan      | Entered the realm of Gloorx Vloq.
 18046 | Pan      | Noticed Gloorx Vloq
 18063 | Pan      | Got a dark rune of Zot
 18064 | Pan      | Found an exit through the horrors of the Abyss.
 18084 | Pan      | Found an exit through the horrors of the Abyss.
 18374 | Pan      | Gained mutation: You tend to lose your temper in combat. [mutagenic glow]
 18377 | Pan      | Found a glowing silver altar of Zin.
 18391 | Pan      | Gained mutation: Your body often deteriorates upon taking damage. [mutagenic glow]
 18400 | Pan      | Lost mutation: Your spells are a little easier to cast, but a little less powerful. [potion of cure mutation]
 18400 | Pan      | Lost mutation: Your body often deteriorates upon taking damage. [potion of cure mutation]
 18400 | Pan      | Lost mutation: You are very dopey. (Int -4) [potion of cure mutation]
 18400 | Pan      | Lost mutation: Scrolls take you a little longer to read. [potion of cure mutation]
 18409 | Pan      | Lost mutation: You are dopey. (Int -2) [potion of cure mutation]
 18409 | Pan      | Lost mutation: You are very clumsy. (Dex -4) [potion of cure mutation]
 18409 | Pan      | Lost mutation: You are frail (-10% HP). [potion of cure mutation]
 18409 | Pan      | Lost mutation: You tend to lose your temper in combat. [potion of cure mutation]
 18409 | Pan      | Lost mutation: You are clumsy. (Dex -2) [potion of cure mutation]
 18409 | Pan      | Lost mutation: Your body sometimes deteriorates upon taking damage. [potion of cure mutation]
 18410 | Pan      | Gained mutation: You are clumsy. (Dex -2) [mutagenic glow]
 18425 | Pan      | Gained mutation: You are very clumsy. (Dex -4) [mutagenic glow]
 18521 | Pan      | Entered the realm of Cerebov.
 18659 | Pan      | Noticed Cerebov
 18664 | Pan      | Got a fiery rune of Zot
 18714 | Pan      | Found an exit through the horrors of the Abyss.
 18730 | Pan      | Took an exit into the Abyss.
 18730 | Abyss:1  | Escaped into the Abyss
 19237 | Abyss:3  | Found a glowing golden altar of the Shining One.
 19250 | Abyss:3  | Got an abyssal rune of Zot
 19336 | Depths:3 | Escaped the Abyss
 19355 | Hell     | Entered the Vestibule of Hell
 19355 | Hell     | Noticed Geryon
 19361 | Hell     | Found a gateway to the decaying netherworld of Tartarus.
 19389 | Zig:1    | Entered Level 1 of a ziggurat
 19422 | Zig:2    | Entered Level 2 of a ziggurat
 19443 | Zig:3    | Entered Level 3 of a ziggurat
 19470 | Zig:3    | Got a twitching bronze ring
 19472 | Zig:3    | Identified the ring "Nyumar" {rPois MR+} (You found it on level 3 of a ziggurat)
 19485 | Zig:4    | Entered Level 4 of a ziggurat
 19486 | Zig:4    | Noticed a juggernaut
 19501 | Zig:4    | Killed a juggernaut
 19501 | Zig:4    | Reached skill level 10 in Invocations
 19523 | Zig:5    | Entered Level 5 of a ziggurat
 19554 | Zig:6    | Entered Level 6 of a ziggurat
 19559 | Zig:6    | Noticed a greater mummy
 19563 | Zig:6    | Noticed a greater mummy
 19573 | Zig:6    | Killed a greater mummy
 19580 | Zig:6    | Killed a greater mummy
 19649 | Zig:7    | Entered Level 7 of a ziggurat
 19689 | Zig:7    | Got a slimy turquoise ring
 19693 | Zig:7    | Identified the ring "Gaptom" {rPois EV+4 Stlth+} (You found it on level 7 of a ziggurat)
 19728 | Zig:8    | Entered Level 8 of a ziggurat
 19779 | Zig:9    | Entered Level 9 of a ziggurat
 19868 | Zig:9    | Learned a level 8 spell: Disjunction
 19958 | Hell     | Killed Geryon
 19969 | Tar:1    | Entered Level 1 of Tartarus
 19969 | Tar:1    | Found a gateway to Hell.
 20367 | Tar:2    | Found a gateway to Hell.
 20370 | Tar:2    | Found a gateway to Hell.
 20457 | Tar:2    | Found a gateway to Hell.
 20481 | Tar:3    | Found a gateway to Hell.
 20556 | Tar:4    | Found a gateway to Hell.
 20561 | Tar:5    | Found a gateway to Hell.
 20754 | Tar:6    | Found a gateway to Hell.
 20792 | Tar:7    | Entered Level 7 of Tartarus
 20792 | Tar:7    | Found a gateway to Hell.
 20798 | Tar:7    | Noticed Ereshkigal
 20799 | Tar:7    | Paralysed by Ereshkigal for 4 turns
 21266 | Tar:7    | Got a smoking steel amulet
 21266 | Tar:7    | Got a bone rune of Zot
 21355 | Tar:7    | Found a gateway to Hell.
 21423 | Hell     | Found a gateway to the freezing wastes of Cocytus.
 21441 | Coc:1    | Entered Level 1 of Cocytus
 21441 | Coc:1    | Found a gateway to Hell.
 21449 | Coc:2    | Found a gateway to Hell.
 21456 | Coc:3    | Found a gateway to Hell.
 21456 | Coc:3    | Found a gateway to Hell.
 21516 | Coc:3    | Found a gateway to Hell.
 21601 | Coc:4    | Found a gateway to Hell.
 21606 | Coc:5    | Found a gateway to Hell.
 21606 | Coc:5    | Found a gateway to Hell.
 21609 | Coc:6    | Found a gateway to Hell.
 21656 | Coc:7    | Entered Level 7 of Cocytus
 21656 | Coc:7    | Found a gateway to Hell.
 21656 | Coc:7    | Found a gateway to Hell.
 21656 | Coc:7    | Found a gateway to Hell.
 21660 | Coc:7    | Reached skill level 10 in Stealth
 21993 | Coc:7    | Noticed Antaeus
 22093 | Coc:7    | Got an icy rune of Zot
 22179 | Hell     | Found a gateway to the Iron City of Dis.
 22184 | Dis:1    | Entered Level 1 of the Iron City of Dis
 22184 | Dis:1    | Found a gateway to Hell.
 22313 | Dis:1    | Gained mutation: You are weak. (Str -2) [mutagenic glow]
 22411 | Dis:2    | Found a gateway to Hell.
 22438 | Dis:2    | Found a gateway to Hell.
 22701 | Dis:2    | Gained mutation: You tend to lose your temper in combat. [mutagenic glow]
 22719 | Dis:2    | Lost mutation: You are very clumsy. (Dex -4) [potion of cure mutation]
 22719 | Dis:2    | Lost mutation: Armour fits poorly on your strangely shaped body. [potion of cure mutation]
 22719 | Dis:2    | Lost mutation: You are weak. (Str -2) [potion of cure mutation]
 22719 | Dis:2    | Lost mutation: You are clumsy. (Dex -2) [potion of cure mutation]
 22719 | Dis:2    | Lost mutation: You tend to lose your temper in combat. [potion of cure mutation]
 22738 | Dis:3    | Found a gateway to Hell.
 22793 | Dis:4    | Found a gateway to Hell.
 22794 | Dis:4    | Found a gateway to Hell.
 22810 | Dis:4    | Found a gateway to Hell.
 22912 | Dis:5    | Found a gateway to Hell.
 22954 | Dis:5    | Found a gateway to Hell.
 22983 | Dis:6    | Found a gateway to Hell.
 22989 | Dis:7    | Entered Level 7 of the Iron City of Dis
 22989 | Dis:7    | Found a gateway to Hell.
 23094 | Dis:7    | Noticed the Serpent of Hell
 23105 | Dis:7    | Killed the Serpent of Hell
 23150 | Dis:7    | Noticed Dispater
 23156 | Dis:7    | Got an iron rune of Zot
 23190 | Hell     | Found a gateway to the ashen valley of Gehenna.
 23202 | Geh:1    | Entered Level 1 of Gehenna
 23202 | Geh:1    | Found a gateway to Hell.
 23219 | Geh:2    | Found a gateway to Hell.
 23221 | Geh:2    | Found a gateway to Hell.
 23294 | Geh:3    | Found a gateway to Hell.
 23298 | Geh:4    | Found a gateway to Hell.
 23353 | Geh:4    | Found a gateway to Hell.
 23355 | Geh:4    | Found a gateway to Hell.
 23358 | Geh:5    | Found a gateway to Hell.
 23381 | Geh:5    | Found a gateway to Hell.
 23384 | Geh:5    | Found a gateway to Hell.
 23487 | Geh:6    | Found a gateway to Hell.
 23512 | Geh:6    | Found a gateway to Hell.
 23550 | Geh:7    | Entered Level 7 of Gehenna
 23550 | Geh:7    | Found a gateway to Hell.
 23659 | Geh:7    | Got a translucent granite ring
 23661 | Geh:7    | Identified the ring of Qussib {*Tele Str+3} (You found it on level 7 of Gehenna)
 23734 | Geh:7    | Noticed Asmodeus
 23751 | Geh:7    | Killed Asmodeus
 23781 | Geh:7    | Got a crude helmet
 23786 | Geh:7    | Got a glittering garnet amulet
 23786 | Geh:7    | Got an obsidian rune of Zot
 23788 | Geh:7    | Identified the amulet of Homeloq {RegenMP Int+2} (You found it on level 7 of Tartarus)
 23790 | Geh:7    | Identified the amulet of Teoppuaph {Dismiss rF+ Int+3} (You found it on level 7 of Gehenna)
 23805 | Geh:7    | Identified the cursed +0 helmet of Restlessness {MR+ Dex+4 Stlth+} (You found it on level 7 of Gehenna)
 24002 | Geh:7    | Found a gateway to Hell.
 24060 | Depths:5 | Entered Level 5 of the Depths
 24066 | Depths:5 | Found a one-way gate to the infinite horrors of the Abyss.
 24071 | Depths:5 | Found Nushamod's Assorted Antiques.
 24132 | Depths:5 | Reached skill level 27 in Dodging
 24257 | Depths:5 | Found a gate to the Realm of Zot.
 24266 | Zot:1    | Entered Level 1 of the Realm of Zot
 24293 | Zot:2    | Noticed an orb of fire
 24305 | Zot:2    | Noticed an orb of fire
 24315 | Zot:2    | Killed an orb of fire
 24467 | Zot:5    | Entered Level 5 of the Realm of Zot
 24489 | Zot:5    | Reached skill level 27 in Unarmed Combat
 24530 | Zot:5    | Noticed an ancient lich
 24541 | Zot:5    | Noticed an ancient lich
 24570 | Zot:5    | Killed an ancient lich
 24571 | Zot:5    | Noticed an ancient lich
 24576 | Zot:5    | Killed an ancient lich
 24579 | Zot:5    | Noticed an orb of fire
 24581 | Zot:5    | Gained mutation: Your magical capacity is low (-10% MP). [an orb of fire]
 24584 | Zot:5    | Killed an orb of fire
 24627 | Zot:5    | Killed an ancient lich
 24707 | Zot:5    | Got the Orb of Zot
 24985 | Depths:3 | Noticed Sotit the pandemonium lord
 24989 | Depths:3 | Killed Sotit the pandemonium lord
 25016 | Depths:3 | Noticed Frederick
 25043 | Depths:3 | Noticed Lom Lobon
 25062 | Depths:2 | Noticed Tyoss the pandemonium lord
 25073 | D:15     | Noticed Diyck the pandemonium lord
 25115 | D:15     | Killed Diyck the pandemonium lord
 25244 | D:11     | Noticed Boprae the pandemonium lord
 25261 | D:11     | Killed Boprae the pandemonium lord
 25476 | D:$      | Escaped with the Orb!

Skill      XL: |  1  2  3  4  5  6  7  8  9 10 11 12 13 14 15 16 17 18 19 20 21 22 23 24 25 26 27 |
---------------+----------------------------------------------------------------------------------+-----
Fighting       | 2 3 5 7 8 10 12 13 14 15 25 | 25.7
Unarmed Combat | 4 5 6 8 10 12 13 14 16 18 19 20 21 22 27 | 27.0
Transmutations | 4 5 9 12 13 14 | 14.3
Dodging        | 3 4 5 7 9 11 13 14 17 18 20 21 27 | 27.0
Ice Magic      | 1 2 |  2.8
Spellcasting   | 3 9 12 13 14 16 18 19 | 19.1
Invocations    | 2 4 6 7 8 14 | 14.3
Charms         | 5 |  5.1
Necromancy     | 2 4 |  4.2
Earth Magic    | 1 4 7 |  7.9
Translocations | 5 10 12 13 15 17 18 | 18.3
Hexes          | 5 6 |  6.4
Air Magic      | 4 5 |  5.4
Stealth        | 4 5 10 | 10.0

Action                   |  1- 3 |  4- 6 |  7- 9 | 10-12 | 13-15 | 16-18 | 19-21 | 22-24 | 25-27 || total
-------------------------+-------+-------+-------+-------+-------+-------+-------+-------+-------++-------
Melee: Unarmed           |    55 |   112 |   228 |   256 |   505 |   556 |   648 |   622 |  3160 ||  6142
       Headbutt          |     4 |       |       |       |       |       |       |       |       ||     4
       Tailslap          |     3 |       |       |       |    13 |       |       |       |     3 ||    19
       Punch             |     1 |     2 |     3 |    19 |    61 |    71 |   111 |    99 |   431 ||   798
Throw: Throwing net      |       |       |       |     1 |       |       |     1 |     1 |    13 ||    16
 Cast: Beastly Appendage |     3 |       |       |       |       |       |       |       |       ||     3
       Sticks to Snakes  |     8 |    16 |     3 |       |     1 |     2 |       |     6 |     3 ||    39
       Spider Form       |     1 |    11 |    23 |     1 |       |       |       |       |       ||    36
       Blade Hands       |       |       |     3 |    31 |    34 |    16 |       |     1 |     2 ||    87
       Ice Form          |       |       |     3 |     3 |     3 |       |       |       |       ||     9
       Regeneration      |       |       |       |     2 |    26 |    23 |    19 |    17 |   118 ||   205
       Passwall          |       |       |       |       |    14 |    13 |       |    25 |    16 ||    68
       Statue Form       |       |       |       |       |    16 |    32 |    39 |    38 |   191 ||   316
       Silence           |       |       |       |       |       |       |    10 |     4 |     1 ||    15
       Repel Missiles    |       |       |       |       |       |       |     3 |     3 |     9 ||    15
       Apportation       |       |       |       |       |       |       |       |    65 |    60 ||   125
       Passage of Golubr |       |       |       |       |       |       |       |     3 |    16 ||    19
       Blink             |       |       |       |       |       |       |       |     1 |     6 ||     7
       Dispersal         |       |       |       |       |       |       |       |     1 |     6 ||     7
       Controlled Blink  |       |       |       |       |       |       |       |       |    53 ||    53
       Control Undead    |       |       |       |       |       |       |       |       |    43 ||    43
       Disjunction       |       |       |       |       |       |       |       |       |     2 ||     2
Invok: Slouch            |       |       |       |     5 |     9 |    16 |     9 |    13 |    44 ||    96
       Temporal Distorti |       |       |       |       |    12 |    13 |    11 |    14 |    47 ||    97
       Step From Time    |       |       |       |       |     1 |     1 |       |       |     5 ||     7
 Abil: End Transformatio |       |       |     3 |     3 |     9 |     3 |     1 |       |     2 ||    21
Evoke: Wand              |       |       |     1 |    18 |    13 |    10 |     8 |     4 |    39 ||    93
       Phial of floods   |       |       |       |     1 |     2 |     1 |       |       |     1 ||     5
       Box of beasts     |       |       |       |       |       |       |     1 |       |       ||     1
       Deck              |       |       |       |       |       |       |       |       |     2 ||     2
       Fan of gales      |       |       |       |       |       |       |       |       |     1 ||     1
       Figurine of a zig |       |       |       |       |       |       |       |       |     1 ||     1
  Use: Scroll            |     3 |     2 |     9 |    12 |    15 |     8 |     2 |    12 |    44 ||   107
       Potion            |       |     2 |     2 |     3 |     8 |     3 |     4 |     4 |    22 ||    48
 Stab: Sleeping          |     2 |       |     1 |     2 |       |     1 |       |     3 |    15 ||    24
       Distracted        |       |     2 |       |       |     2 |       |     1 |     4 |    11 ||    20
       Paralysed         |       |       |       |       |       |       |     1 |       |       ||     1
       Held in net/web   |       |       |       |       |       |       |     4 |       |     2 ||     6
       Petrifying        |       |       |       |       |       |       |       |       |     1 ||     1
       Petrified         |       |       |       |       |       |       |       |       |     1 ||     1
  Eat: Chunk             |     1 |     3 |     4 |    14 |    16 |    17 |    11 |     1 |       ||    67
       Beef jerky        |       |     1 |       |       |       |       |       |     1 |       ||     2
       Bread ration      |       |       |     1 |     1 |     1 |       |       |     1 |     6 ||    10
       Pizza             |       |       |     1 |       |     1 |       |       |     2 |       ||     4
       Fruit             |       |       |       |       |     2 |       |       |       |       ||     2
       Royal jelly       |       |       |       |       |     1 |       |       |       |       ||     1
       Meat ration       |       |       |       |       |       |     1 |     2 |     3 |     9 ||    15
Armor: Robe              |     4 |     1 |       |       |       |       |       |       |       ||     5
       Skin              |       |     3 |     4 |   113 |   191 |   200 |   311 |   253 |  1676 ||  2751
       Leather armour    |       |    23 |    14 |    22 |    62 |    13 |    16 |    15 |    54 ||   219
       Troll hide        |       |       |       |     1 |       |       |       |       |       ||     1
Dodge: Dodged            |    31 |    84 |   178 |   201 |  1109 |  1262 |  2153 |  1704 | 11535 || 18257
       Deflected         |       |       |       |       |       |       |    13 |    14 |    59 ||    86
